AoeStats
← Fluvialgeomorphologist

Black Forest

505595934Analyzed
3v3 RM · 22d ago on Sep 10, 2026· 44m 10s· 6 players
Game mode
Random Map
Map size
Normal (6 player)
Population
200
Speed
Normal
Resources
Standard
Victory
Conquest
Starting age
Dark Age
Ending age
Imperial Age
RankedLock teamsTeams togetherTeam positionsShared explorationLock speedFull tech treeHidden civsTurbo modeCheats
Victory
Defeat
🇲🇽 Inca · Mexico
933
+12
🇲🇽 Goths · Mexico
809
+34
🇲🇽 Turks · Mexico
795
+18
🇺🇸 Bohemians · United States
886
-17
🇧🇷 Britons · Brazil
816
-35
🇺🇸 Slavs · United States
813
-15
Le Tapete
0:50 Loom
15:09 Feudal Age
22:39 Castle Age
20:34 Stone Mining
21:19 Double-Bit Axe
22:37 Horse Collar
24:17 Wheelbarrow
24:28 Heavy Plow
25:02 Bow Saw
26:30 Wheelbarrow
26:36 Gold Mining
36:13 Imperial Age
36:31 Scale Barding Armor
36:27 Scale Mail Armor
36:37 Forging
36:18 Fletching
36:28 Padded Archer Armor
38:47 Gold Shaft Mining
38:41 Hand Cart
38:11 Town Watch
38:43 Caravan
39:14 Coinage
38:54 Guilds
41:05 Two-Man Saw
42:48 Banking
43:11 Elite Janissary
44:41 Town Patrol
kingferra
12:57 Feudal Age
21:25 Castle Age
33:39 Imperial Age
35:07 Wheelbarrow
34:16 Horse Collar
34:33 Stone Mining
34:31 Double-Bit Axe
34:48 Gold Mining
36:27 Hand Cart
36:17 Heavy Plow
36:45 Anarchy
39:16 Chemistry
38:39 Ballistics
38:47 Scale Mail Armor
38:59 Forging
39:21 Heated Shot
43:21 Siphons
44:01 Iron Casting
miguelg2305
8:11 Loom
8:19 Loom
11:55 Feudal Age
12:41 Horse Collar
20:40 Castle Age
18:32 Double-Bit Axe
18:50 Stone Mining
21:06 Wheelbarrow
22:56 Bow Saw
23:18 Heavy Plow
24:31 Coinage
24:22 Town Watch
25:26 Caravan
26:06 Gold Mining
30:56 Gold Shaft Mining
33:18 Hand Cart
34:39 Forging
34:30 Scale Mail Armor
34:32 Fletching
34:44 Padded Archer Armor
35:52 Stone Shaft Mining
36:17 Andean Sling
38:52 Imperial Age
37:34 Iron Casting
37:15 Chain Mail Armor
37:57 Bodkin Arrow
38:18 Leather Archer Armor
38:20 Crossbowman
39:07 Thumb Ring
38:23 Elite Skirmisher
39:02 Arbalester
40:06 Conscription
39:07 Elite Kamayuk
41:06 Fabric Shields
43:11 Hoardings
43:36 Bracer
Isentão
12:05 Feudal Age
12:55 Arson
20:59 Padded Archer Armor
20:50 Fletching
24:30 Fletching
30:14 Castle Age
30:04 Forging
30:03 Double-Bit Axe
31:27 Bow Saw
32:35 Pikeman
33:15 Squires
35:42 Leather Archer Armor
35:22 Bodkin Arrow
36:53 Iron Casting
36:58 Wheelbarrow
36:10 Town Watch
37:48 Stone Mining
37:48 Gold Mining
39:08 Hand Cart
38:39 Loom
40:45 Town Patrol
40:35 Treadmill Crane
42:59 Gold Shaft Mining
Miss. Alternative
0:56 Loom
13:11 Feudal Age
13:57 Horse Collar
14:05 Double-Bit Axe
20:52 Castle Age
18:57 Gold Mining
19:26 Stone Mining
20:03 Scale Mail Armor
20:37 Fletching
21:39 Caravan
21:43 Heavy Plow
22:24 Forging
25:15 Town Watch
28:14 Wheelbarrow
27:19 Pikeman
28:03 Squires
33:20 Imperial Age
31:46 Gold Shaft Mining
32:41 Iron Casting
32:09 Padded Archer Armor
32:56 Murder Holes
33:23 Halberdier
33:31 Capped Ram
34:40 Conscription
35:39 Bow Saw
37:07 Chemistry
37:34 Ballistics
37:24 Scale Barding Armor
38:24 Chain Mail Armor
39:53 Druzhina
Fluvialgeomorphologist
1:20 Loom
14:22 Feudal Age
18:07 Castle Age
17:27 Double-Bit Axe
17:25 Horse Collar
19:29 Heavy Plow
19:51 Bow Saw
20:00 Fervor
23:05 Wheelbarrow
27:19 Hand Cart
33:24 Imperial Age
34:02 Imperial Age
36:48 Chemistry
36:18 Caravan
Connection lost

Rejoining the realm…

Still unreachable

The connection could not be restored.

Session expired

The server has moved on; the page needs a fresh start.